 Dungeon Crawl Stone Soup version 0.17-a0-2055-gb4e23be (webtiles) character file.

14355 derrpe the Cleaver (level 11, -1/102 HPs)
             Began as a Minotaur Fighter on Oct 11, 2015.
             Was a High Priest of Okawaru.
             Slain by Maud
             ... wielding a +4 demon trident of draining
              (3 damage)
             ... on level 11 of the Dungeon.
             The game lasted 00:20:47 (13867 turns).

derrpe the Cleaver (Minotaur Fighter)              Turns: 13867, Time: 00:20:47

Health: -1/102     AC: 18    Str: 21    XL:     11   Next: 87%
Magic:  14/15      EV: 11    Int: 13    God:    Okawaru [*****.]
Gold:   628        SH:  0    Dex: 10    Spells: 0 memorised, 10 levels left

rFire  . . .     SeeInvis .     k - +0 war axe (elec)
rCold  . . .     Clarity  .     y - +4 scale mail
rNeg   . . .     SustAt   .     (no shield)
rPois  .         Gourm    +     (helmet restricted)
rElec  .         Spirit   .     B - +0 cloak
rCorr  .         Warding  .     C - +0 pair of gloves
rMut   .         Stasis   .     c - +0 pair of boots
MR     +....                    a - amulet of the gourmand
Stlth  ..........               L - +5 ring of intelligence
                                m - ring of protection from magic

@: heroism, heavily drained, somewhat resistant to hostile enchantments,
extremely unstealthy
A: retaliatory headbutt, horns 2
a: Heroism, Finesse, Renounce Religion


You were on level 11 of the Dungeon.
You worshipped Okawaru.
Okawaru was extremely pleased with you.
You were very full.

You visited 1 branch of the dungeon, and saw 11 of its levels.

You collected 628 gold pieces.

Inventory:

Hand Weapons
 k - a +0 war axe of electrocution (weapon)
 O - a +0 hand crossbow
 P - a +2 broad axe of flaming
Missiles
 v - 2 silver tomahawks
 x - 71 bolts
 A - 8 bolts of frost
 E - 25 tomahawks
 Q - 3 javelins (quivered)
Armour
 c - a +0 pair of boots (worn)
 y - a +4 scale mail (worn)
 B - a +0 cloak (worn)
 C - a +0 pair of gloves (worn)
 Y - a fire dragon hide
Jewellery
 a - an amulet of the gourmand (around neck)
 m - a ring of protection from magic (left hand)
 L - a +5 ring of intelligence (right hand)
Wands
 n - a wand of draining (4)
 D - a wand of polymorph (15)
 J - a wand of disintegration (10)
 T - a wand of fire (10)
Scrolls
 b - 2 scrolls of amnesia
 p - 4 scrolls of teleportation
 q - 9 scrolls of remove curse
 w - a scroll of immolation {unknown}
 K - a scroll of holy word {unknown}
 M - 3 scrolls of blinking {unknown}
 R - 2 scrolls of enchant armour {unknown}
 W - a scroll of enchant weapon {unknown}
Potions
 d - 3 potions of might
 h - 4 potions of heal wounds
 j - a potion of curing
 l - a potion of cancellation
 r - 4 potions of agility {unknown}
 u - 2 potions of degeneration {unknown}
 z - 2 potions of cure mutation {unknown}
 F - a potion of magic
 G - 2 potions of poison {unknown}
 U - a potion of brilliance {unknown}
 V - a potion of invisibility
Books
 s - a book of the Warp

   Spells                             Type                      Level
   a - Recall                         Summoning/Translocation      3
   b - Gell's Gravitas                Hexes/Translocation          3
   c - Force Lance                    Conjuration/Translocation    4
   d - Phase Shift                    Translocation                5
   e - Warp Weapon                    Charms/Translocation         5
   f - Summon Forest                  Summoning/Translocation      5
Comestibles
 e - 8 bread rations {@e1}
 f - 8 chunks of flesh {@w0}
 g - 2 meat rations {@e2}
 t - 4 beef jerkies
 H - a slice of pizza
 S - a royal jelly


   Skills:
 + Level 11.2(13.5) Fighting
 * Level 14.5(16.6) Axes
 + Level 11.2(13.5) Armour
   Level 3.6(6.3) Shields
 * Level 7.4(5.2) Invocations


You had 10 spell levels left.
You didn't know any spells.

Dungeon Overview and Level Annotations

Branches:
Dungeon (11/15)            Temple (0/1) D:5            Lair (0/8) D:11
    Orc: D:9-12

Altars:
Ashenzari
Dithmenos
Elyvilon
Gozag
Makhleb
Nemelex Xobeh
Okawaru
Qazlal
Sif Muna
Yredelemnul
Zin
The Shining One
Beogh

Annotations:
D:5 1 runed door
D:11 Maud


Innate Abilities, Weirdness & Mutations

You reflexively headbutt those who attack you in melee.
You have a pair of horns on your head.


Message History

You slice Maud!!
There is a sudden explosion of sparks!
Maud is almost dead.
You closely miss Maud.
Maud is almost dead.
Maud hits you with a demon trident of draining!!
* * * LOW HITPOINT WARNING * * *
You feel drained.
* * * LOW HITPOINT WARNING * * *
You completely miss Maud.
Maud is almost dead.
You barely miss Maud. You headbutt Maud, but do no damage.
Maud is almost dead.
Maud hits you with a demon trident of draining!
* * * LOW HITPOINT WARNING * * *
You feel drained.
* * * LOW HITPOINT WARNING * * *
You hit Maud. You headbutt Maud, but do no damage.
Maud is almost dead.
Maud hits you with a demon trident of draining.
You die...

#######..###.# #.# ##
..#######..# #.# #.# ...
..........)# #.# #.#
.... .####....># #.# #.#
..... #.....###.####.#
#...### #.##...........#
#.....###.###.###.###..#
.# #.#....##.# #.##>.#
#..# #.#
#.###@#.###.##..# #...
#.# ..# ##@.....###.#
##.# #.# #..# #......#
#.# #.# #.###...
....###.## #.# #.#
...... ...## #.# #.# #.#
###..#### ... #.#
#.####.# ####.......#
...# #<# #....#.#
........##.##### #.#
####.#.# ##.###.##....
#.# #.#.#


You could see Maud.

Vanquished Creatures
  The ghost of derrpe the Basher, a novice GrSk of Okawaru (D:9)
  An unseen horror (D:10)
  Pikel (D:6)
  2 hill giants (D:10)
  A gargoyle (D:11)
  4 molten gargoyles (D:9)
  A centaur skeleton (D:6)
  A two-headed ogre (D:9)
  4 trolls
  Prince Ribbit (D:7)
  2 wyverns
  10 yaks
  2 hippogriffs
  Grum (D:10)
  3 hungry ghosts
  4 wolves (D:10)
  2 water moccasins
  2 sky beasts (D:10)
  Duvessa (D:6)
  2 black bears
  2 ice beasts
  2 orc warriors
  3 slaves (D:6)
  4 ogres
  A phantom (D:9)
  A wasp (D:10)
  A crocodile (D:10)
  5 centaurs
  2 necrophages
  3 big kobolds
  7 giant frogs
  A gnoll sergeant (D:6)
  10 scorpions
  Dowan (D:6)
  9 wights
  A lava snake (D:9)
  5 crimson imps
  2 quasits
  A centaur zombie (D:5)
  11 hounds
  A giant frog zombie (D:11)
  7 orc priests
  2 jellies
  7 worker ants
  Crazy Yiuf (D:7)
  A giant frog skeleton (D:9)
  3 iguanas
  7 orc wizards
  2 killer bee zombies
  2 hound skeletons
  A worker ant zombie (D:9)
  7 gnolls
  15 adders
  3 shadow imps
  A white imp (D:8)
  8 worms
  8 giant geckos
  66 orcs
  7 goblins
  8 hobgoblins
  7 jackals
  23 kobolds
  4 quokkas
  2 ball pythons (D:2)
  9 bats
  3 giant cockroaches
  A giant gecko zombie (D:6)
  3 giant newts
  A goblin skeleton (D:8)
  2 goblin zombies (D:8)
  2 hobgoblin zombies (D:8)
  A kobold skeleton (D:8)
  An orc zombie (D:8)
  11 rats
  4 fungi (D:4)
349 creatures vanquished.

Notes
Turn   | Place    | Note
--------------------------------------------------------------
     0 | D:1      | derrpe the Minotaur Fighter began the quest for the Orb.
     0 | D:1      | Reached XP level 1. HP: 19/19 MP: 0/0
     9 | D:1      | Noticed an electric eel
     9 | D:1      | Noticed an electric eel
   104 | D:1      | Reached XP level 2. HP: 20/27 MP: 1/1
   355 | D:1      | Reached skill level 4 in Armour
   636 | D:2      | Reached XP level 3. HP: 33/33 MP: 2/2
   869 | D:2      | Found an iron altar of Okawaru.
   902 | D:2      | Reached XP level 4. HP: 40/40 MP: 3/3
   919 | D:2      | Became a worshipper of Warmaster Okawaru
  1271 | D:2      | Found a deep blue altar of Sif Muna.
  1335 | D:2      | Found a shattered altar of Ashenzari.
  1747 | D:3      | Reached XP level 5. HP: 29/47 MP: 4/4
  1898 | D:3      | Reached skill level 5 in Axes
  1943 | D:3      | Found an opulent altar of Gozag.
  1951 | D:3      | Found a shadowy altar of Dithmenos.
  2014 | D:3      | Reached skill level 5 in Armour
  2571 | D:4      | Reached skill level 5 in Fighting
  2573 | D:4      | Reached XP level 6. HP: 46/56 MP: 5/5
  2980 | D:4      | Reached skill level 6 in Axes
  2990 | D:4      | Acquired Okawaru's first power
  3097 | D:4      | Reached XP level 7. HP: 57/62 MP: 6/6
  3395 | D:4      | Found a glowing silver altar of Zin.
  3396 | D:4      | Noticed an angel
  3512 | D:4      | Reached skill level 7 in Axes
  3826 | D:5      | Entered Level 5 of the Dungeon
  3944 | D:5      | Got a translucent dagger
  3953 | D:5      | Identified the +10 dagger of the Goat {holy, rElec} (You found it on level 5 of the Dungeon)
  3991 | D:5      | Found a staircase to the Ecumenical Temple.
  4408 | D:5      | Found a runed door.
  4409 | D:5      | Found a glowing golden altar of the Shining One.
  4409 | D:5      | Noticed an angel
  4512 | D:5      | Found a basalt altar of Yredelemnul.
  4756 | D:5      | Reached skill level 8 in Axes
  4756 | D:5      | Reached XP level 8. HP: 41/71 MP: 7/7
  5633 | D:6      | Reached skill level 9 in Axes
  5950 | D:6      | Noticed Pikel
  6163 | D:6      | Found a burning altar of Makhleb.
  6368 | D:6      | Noticed Duvessa
  6369 | D:6      | Noticed Dowan
  6377 | D:6      | Killed Dowan
  6377 | D:6      | Killed Duvessa
  6377 | D:6      | Reached skill level 10 in Axes
  6377 | D:6      | Reached XP level 9. HP: 71/81 MP: 5/8
  6860 | D:6      | Killed Pikel
  6962 | D:6      | Noticed a centaur skeleton
  6967 | D:6      | Killed a centaur skeleton
  6967 | D:6      | Reached skill level 11 in Axes
  7063 | D:7      | Found a shadowy altar of Dithmenos.
  7156 | D:7      | Found a stormy altar of Qazlal.
  7172 | D:7      | Found a white marble altar of Elyvilon.
  7278 | D:7      | Noticed Prince Ribbit
  7320 | D:7      | Killed Prince Ribbit
  7429 | D:7      | Found a sparkling altar of Nemelex Xobeh.
  7919 | D:7      | Got a fine mace
  7922 | D:7      | Identified the +4 mace of Cuhaoczi {drain, *Noise rC+ Int+5} (You found it on level 7 of the Dungeon)
  7929 | D:7      | Noticed Crazy Yiuf
  7933 | D:7      | Killed Crazy Yiuf
  8278 | D:8      | Found a glowing golden altar of the Shining One.
  8531 | D:8      | Reached skill level 12 in Axes
  8533 | D:8      | Reached XP level 10. HP: 80/91 MP: 9/9
  8564 | D:8      | Received a gift from Okawaru
  9188 | D:9      | Noticed derrpe's ghost (novice GrSk)
  9207 | D:9      | Killed derrpe's ghost
  9207 | D:9      | Reached skill level 10 in Fighting
  9379 | D:9      | Reached skill level 10 in Armour
  9512 | D:9      | Acquired Okawaru's second power
  9736 | D:9      | Reached skill level 13 in Axes
  9738 | D:9      | HP: 4/93 [lava snake/glob of lava (6)]
 11100 | D:9      | Reached XP level 11. HP: 99/101 MP: 13/13
 11198 | D:9      | Reached skill level 5 in Invocations
 11485 | D:10     | Entered Level 10 of the Dungeon
 11513 | D:10     | Found a roughly hewn altar of Beogh.
 11859 | D:10     | Noticed a hill giant
 11868 | D:10     | Killed a hill giant
 11987 | D:10     | Noticed a hill giant
 11997 | D:10     | Killed a hill giant
 12182 | D:10     | Killed an unseen horror
 12182 | D:10     | Received a gift from Okawaru
 12182 | D:10     | Reached skill level 14 in Axes
 12759 | D:10     | Noticed Grum
 12778 | D:10     | Killed Grum
 13452 | D:11     | Found a staircase to the Lair.
 13850 | D:11     | Noticed Maud
 13866 | D:11     | HP: 1/102 [Maud/demon trident of draining (8)]
 13867 | D:11     | Slain by Maud

Vault maps used:
D:1:      arrival_aquarium_b
D:2:      nicolae_overflow_crystal_walls, okawaru_metal_pillars_1_2,
          led_sif_pool, minmay_misc_feat_nine_boxes
D:3:      grunt_gozag_statues, grunt_dithmenos_smoke
D:4:      old_forge, zin_angel, first_bread
D:5:      old_standard_altar, temple_statues, lemuel_angel_altar
D:6:      minivault_1, makhleb_blood_cavern_becter, uniq_duvessa, uniq_pikel
D:7:      lemuel_doored_altar, overflow_temple_1_default,
          overflow_temple_1_default, basic_altar, serial_glass, glass_columns_b,
          glass_columns_a, uniq_crazy_yiuf_cottage, uniq_prince_ribbit1
D:8:      nicolae_tso_besieged_by_evil
D:9:      minivault_8
D:10:     uniq_grum
D:11:     minmay_goldmine, lair_0_dummy, uniq_maud

Action                   |  1- 3 |  4- 6 |  7- 9 | 10-12 || total
-------------------------+-------+-------+-------+-------++-------
Melee: War axe           |    53 |   121 |   266 |   435 ||   875
Throw: Stone             |    33 |    82 |    53 |    31 ||   199
       Javelin           |       |       |    28 |    51 ||    79
Invok: Heroism           |       |       |     4 |     7 ||    11
Evoke: Wand              |       |       |       |    10 ||    10
  Use: Scroll            |       |       |     6 |     7 ||    13
       Potion            |       |       |       |     2 ||     2
 Stab: Invisible         |       |       |       |     1 ||     1
  Eat: Chunk             |       |     7 |    26 |    35 ||    68
